 Dungeon Crawl Stone Soup version 0.27.1-33-g824d729ab1 (webtiles) character file.

Game seed: 2027980099180670118

5 Agamemnon the Caller (level 1, 0/13 HPs)
             Began as a Merfolk Summoner on Nov 30, 2021.
             Slain by a quokka (1 damage)
             ... on level 3 of the Dungeon.
             The game lasted 00:07:29 (658 turns).

Agamemnon the Caller (Merfolk Summoner)              Turns: 658, Time: 00:07:30

Health: 0/13       AC:  2    Str:  8    XL:     1   Next: 80%
Magic:  1/3        EV: 12    Int: 14    God:
Gold:   0          SH:  0    Dex: 14    Spells: 3/4 levels left

rFire    . . .     SeeInvis .   d - +0 dagger
rCold    . . .     Faith    .   (no shield)
rNeg     . . .     Spirit   .   a - +0 robe
rPois    .         Reflect  .   (no helmet)
rElec    .         Harm     .   (no cloak)
rCorr    .         Rampage  .   (no gloves)
Will     .....                  (no boots)
Stlth    ++........             (no amulet)
HPRegen  0.04/turn              (no ring)
MPRegen  0.08/turn              (no ring)

@: very slightly contaminated
A: (nimble swimmer 2), mertail
a: no special abilities


You were on level 3 of the Dungeon.
You visited 1 branch of the dungeon, and saw 3 of its levels.

Inventory:

Hand Weapons
 d - a +0 dagger (weapon)
Missiles
 c - 6 stones
Armour
 a - a +0 robe (worn)
Scrolls
 e - a scroll of blinking {unknown}
Potions
 b - a potion of cancellation {unknown}


   Skills:
 + Level 2.6 Dodging
 + Level 2.3 Stealth
 + Level 0.2 Unarmed Combat
 + Level 2.0 Spellcasting
 + Level 4.2 Summonings


You had 3 spell levels left.
You knew the following spells:

 Your Spells              Type           Power      Damage    Failure   Level
a - Summon Small Mammal   Summ           52%        N/A       4%          1

Your spell library contained the following spells:

 Spells                   Type           Power      Damage    Failure   Level
 Call Imp                 Summ           13%        N/A       6%          2
 Call Canine Familiar     Summ           13%        N/A       13%         3
 Summon Guardian Golem    Hex/Summ       7%         N/A       30%         3
 Summon Lightning Spire   Summ/Air       7%         N/A       69%         4


Dungeon Overview and Level Annotations

Branches:
Dungeon (3/15)

Altars:


Innate Abilities, Weirdness & Mutations

((You are quick and stealthy near water. (Stealth+, EV+, Speed+++)))
Your lower body shifts to a powerful aquatic tail in water.


Message History

The quokka barely misses you.
You closely miss the quokka. The quokka barely misses you.
Your rat barely misses the quokka.
You hit the quokka but do no damage. The quokka misses you.
The hobgoblin barely misses your rat.
Your rat barely misses the quokka.
You hit the quokka but do no damage.
The quokka bites you but does no damage.
The hobgoblin closely misses your rat. The quokka barely misses you.
Your rat barely misses the quokka.
You closely miss the quokka. The hobgoblin hits your rat.
Your rat dies!
Your rat's corpse disappears in a puff of smoke!
The quokka bites you.
You hit the quokka but do no damage. The quokka barely misses you.
The quokka bites your quokka.
The hobgoblin closely misses your quokka.
Your quokka closely misses the quokka.
The quokka bites your quokka. The hobgoblin hits your quokka.
Your quokka dies!
Your quokka's corpse disappears in a puff of smoke!
There is a stone staircase leading down here.
The quokka closely misses you.
You climb downwards.
Found a stone staircase leading down.
There is a stone staircase leading up here.
There is a stone staircase leading down here.
The quokka bites you.
You climb downwards.
There is a stone staircase leading up here.
Casting: Summon Small Mammal (safe; 4% risk of failure)
Confirm with . or Enter, or press ? or * to list all spells.
You miscast Summon Small Mammal.
You are very lightly contaminated with residual magic.
Nothing appears to happen.
The quokka bites you. x2
* * * LOW HITPOINT WARNING * * *
You hit the quokka but do no damage. The quokka bites you.
* * * LOW HITPOINT WARNING * * *
You closely miss the quokka. The quokka barely misses you.
You barely miss the quokka. The quokka bites you.
You die...

### #@#
#r# ..#
...#
....#
.....#
......#
######.#


You could see a quokka.

Vanquished Creatures
  A bat (D:1)
  A goblin (D:1)
  A kobold (D:1)
3 creatures vanquished.

Vanquished Creatures (collateral kills)
  An endoplasm (D:1)
  A kobold (D:1)
2 creatures vanquished.

Grand Total: 5 creatures vanquished

Notes
Turn   | Place    | Note
-------+----------+-------------------------------------------
     0 | D:1      | Agamemnon the Merfolk Summoner began the quest for the Orb.
     0 | D:1      | Reached XP level 1. HP: 13/13 MP: 3/3
   658 | D:3      | Slain by a quokka

Illustrated notes

Levels and vault maps discovered:
D:1:      saegor_arrival_miasma, layout_basic
D:2:      layout_basic, dreamdust_ecumenical_altar_drowned_temple
D:3:      minmay_wonky_spiral, layout_basic, minmay_cut_off

Action                   || total
-------------------------++-------
Melee: Dagger            ||    22
       Unarmed           ||    12
 Cast: Summon Small Mamm ||     8
Armor: Robe              ||     6
Dodge: Dodged            ||    23
